 Dungeon Crawl Stone Soup version 0.27-a0-1078-g0d77da13b5 (webtiles) character file.

Game seed: 13889135125756912256

220 Hnefi the Firebug (level 5, -2/35 HPs)
             Began as a Demonspawn Fire Elementalist on Apr 25, 2021.
             Slain by Duvessa
             ... wielding a +0 rapier
              (11 damage)
             ... on level 4 of the Dungeon.
             The game lasted 00:12:16 (3753 turns).

Hnefi the Firebug (Demonspawn Fire Elementalist)    Turns: 3753, Time: 00:12:16

Health: -2/35      AC:  5    Str:  8    XL:     5   Next: 64%
Magic:  4/9        EV: 12    Int: 17    God:
Gold:   153        SH:  0    Dex: 14    Spells: 6/10 levels left

rFire    . . .     SeeInvis .   h - +3 dagger
rCold    . . .     Faith    .   (no shield)
rNeg     . . .     Spirit   .   a - +0 robe
rPois    .         Reflect  .   k - +0 helmet
rElec    .         Harm     .   (no cloak)
rCorr    .         Rampage  .   (no gloves)
Will     .....                  q - +0 pair of boots
Stlth    ++........             b - amulet of magic regeneration
HPRegen  0.11/turn              (no ring)
MPRegen  0.36/turn              (no ring)

@: no status effects
A: spiny 1, sharp scales 1
a: no special abilities


You were on level 4 of the Dungeon.
You visited 1 branch of the dungeon, and saw 4 of its levels.

You collected 173 gold pieces.
You spent 20 gold pieces at shops.

Inventory:

Hand Weapons
 h - a +3 dagger (weapon)
 l - a +0 spear
Armour
 a - a +0 robe (worn)
 k - a +0 helmet (worn)
 q - a +0 pair of boots (worn)
Jewellery
 b - an amulet of magic regeneration (around neck)
Wands
 r - a wand of flame (23)
Scrolls
 c - a scroll of acquirement {unknown}
 e - 3 scrolls of identify
 f - a scroll of amnesia {unknown}
 i - a scroll of fear {unknown}
 m - a scroll of immolation {unknown}
 n - 2 scrolls of teleportation {unknown}
 o - a scroll of magic mapping {unknown}
 p - a scroll of vulnerability {unknown}
Potions
 d - a potion of attraction
 g - a potion of curing
 j - a potion of haste {unknown}


   Skills:
 + Level 2.8 Dodging
 - Level 1.7 Stealth
 + Level 3.0 Spellcasting
 + Level 3.1 Conjurations
 + Level 1.2 Translocations
 + Level 3.5 Fire Magic


You had 6 spell levels left.
You knew the following spells:

 Your Spells              Type           Power      Damage    Failure   Level
a - Foxfire               Conj/Fire      52%        2x1d6     4%          1
b - Gell's Gravitas       Tloc           3%         N/A       32%         3

Your spell library contained the following spells:

 Spells                   Type           Power      Damage    Failure   Level
 Conjure Flame            Conj/Fire      13%        6-21      13%         3
 Inner Flame              Hex/Fire       8%         N/A       26%         3
 Sticky Flame             Conj/Fire      13%        2d4       41%         4
 Confusing Touch          Hex            2%         N/A       45%         3
 Fireball                 Conj/Fire      6%         3d5       77%         5
 Petrify                  Tmut/Erth      2%         N/A       86%         4
 Metabolic Englaciation   Hex/Ice        1%         N/A       99%         5
 Yara's Violent Unravell  Hex/Tmut       1%         3d3       99%         5


Dungeon Overview and Level Annotations

Branches:
Dungeon (4/15)
 Temple: D:4-7

Altars:
Xom

Shops:
D:1 *

Annotations:
D:3 2 transporters, hemabe71's ghost, amateur HuAr
D:4 Dowan; Duvessa


Innate Abilities, Weirdness & Mutations

You are partially covered in sharp spines.
You are partially covered in razor-sharp scales. (AC +1, Slay +1)


Message History

Aiming: Gell's Gravitas (quite dangerous; 32% risk of failure)
Press: ? - help, Dir - move target Gravity reorients around empty space.
The foxfire hits Duvessa but does no damage.
Duvessa is lightly wounded.
The foxfire hits Duvessa.
Duvessa is moderately wounded.
Casting: Gell's Gravitas (quite dangerous; 32% risk of failure)
Confirm with . or Enter, or press ? or * to list all spells.
You conjure some foxfire!
A ball python comes into view.
A gnoll comes into view. It is wielding a +0 spear.
The ball python hisses angrily.
You hit Duvessa but do no damage.
Duvessa is moderately wounded.
The foxfire hits Duvessa but does no damage.
Duvessa is moderately wounded.
The foxfire hits Duvessa.
Duvessa is moderately wounded.
Duvessa closely misses you.
Casting: Foxfire (safe; 4% risk of failure)
Confirm with . or Enter, or press ? or * to list all spells.
You conjure some foxfire!
A gnoll comes into view. It is wielding a +0 spear.
Duvessa hits you with a +0 rapier.
You hit Duvessa.
Duvessa is heavily wounded.
The foxfire hits Duvessa.
Duvessa is heavily wounded.
The foxfire hits Duvessa but does no damage.
Duvessa is heavily wounded.
A giant cockroach comes into view.
Duvessa hits you with a +0 rapier!
The gnoll hits you from afar with a +0 halberd!
* * * LOW HITPOINT WARNING * * *
Your magical contamination has completely faded away.
You feel better.
Duvessa gestures with her weapon.
Duvessa hits you with a +0 rapier!
You die...

..... ....## (...# .
...# .. .. #..# ##e..
. ....###..##gg... .#
......†...oS.... ..
###@eg## #.§....#
#...<###..#####.##
#.... #.†.......######
...## #.######.......#
.. #. #.## #.# # #.. .
##..##..# #.# #..
.......#.### #.#####.#
##.###.....###.#......


You could see Duvessa, Dowan, 3 gnolls, an orc and a ball python.

Vanquished Creatures
  A scorpion (D:3)
  A howler monkey (D:4)
  A hound (D:4)
  2 adders (D:2)
  2 dart slugs
  An orc (D:4)
  7 ball pythons
  9 bats
  3 endoplasms
  5 giant cockroaches
  6 goblins
  3 hobgoblins
  8 jackals
  7 kobolds
  2 quokkas (D:1)
  3 frilled lizards
  5 rats
66 creatures vanquished.

Vanquished Creatures (others)
  An adder (D:3)
  An orc (D:3)
  A goblin (D:3)
  2 hobgoblins (D:3)
  A quokka (D:3)
  A rat (D:3)
  60 foxfires
67 creatures vanquished.

Grand Total: 133 creatures vanquished

Notes
Turn   | Place    | Note
-------+----------+-------------------------------------------
     0 | D:1      | Hnefi the Demonspawn Fire Elementalist began the quest for
                  | the Orb.
     0 | D:1      | Reached XP level 1. HP: 13/13 MP: 3/3
   335 | D:1      | Gained mutation: You are partially covered in sharp spines.
                  | [demonic ancestry]
   335 | D:1      | Reached XP level 2. HP: 19/19 MP: 0/5
   629 | D:1      | Found Qiomn's General Store.
   648 | D:1      | Bought a scroll of identify for 20 gold pieces
   978 | D:1      | Gained mutation: You are partially covered in razor-sharp
                  | scales. (AC +1, Slay +1) [demonic ancestry]
   978 | D:1      | Reached XP level 3. HP: 14/24 MP: 2/6
  2223 | D:2      | Reached XP level 4. HP: 30/30 MP: 7/7
  2718 | D:3      | Found a transporter.
  2718 | D:3      | Noticed hemabe71's ghost (amateur HuAr)
  2719 | D:3      | Found a transporter.
  2854 | D:3      | Learned a level 3 spell: Gell's Gravitas
  3159 | D:3      | Noticed a scorpion
  3168 | D:3      | Killed a scorpion
  3169 | D:3      | Reached XP level 5. HP: 15/35 MP: 7/9
  3613 | D:3      | Found a shimmering altar of Xom.
  3631 | D:3      | Found a faded altar of an unknown god.
  3729 | D:4      | Reached skill level 1 in Translocations
  3741 | D:4      | Noticed Dowan
  3742 | D:4      | Noticed Duvessa
  3753 | D:4      | Slain by Duvessa

Illustrated notes

Levels and vault maps discovered:
D:1:      wander_arrival_desolate, layout_loops_corners, serial_shops, shop,
          dk_noncrumbling_2, minmay_pentomino_w4
D:2:      layout_basic, grunt_ministairs_12, minmay_splitting_lines
D:3:      layout_loops_ring, xom_confusion_cloud, gammafunk_ghost_arena,
          shapermc_ecumenical_altar_mp_highgroup
D:4:      layout_rooms, portal_sewer_entry_d, serial_shops,
          nicolae_shop_competitors_out_of_business, minmay_joined_circles,
          uniq_duvessa

Skill      XL: |  1  2  3  4  5 |
---------------+----------------+-----
Dodging        | 2 |  2.8
Conjurations   | 2 3 |  3.1
Fire Magic     | 3 |  3.5
Translocations | 1 |  1.2
Spellcasting   | 3 |  3.0
Stealth        | |  1.7

Action                   |  1- 3 |  4- 6 || total
-------------------------+-------+-------++-------
Melee: Dagger            |    63 |    36 ||    99
 Cast: Foxfire           |    19 |    16 ||    35
       Gell's Gravitas   |       |     1 ||     1
  Use: Scroll            |     2 |       ||     2
       Potion            |       |     1 ||     1
 Stab: Sleeping          |     2 |     3 ||     5
Armor: Robe              |    14 |     8 ||    22
Dodge: Dodged            |    40 |    16 ||    56

Table legend: (Time is in decaauts)
 A = Elapsed time spent in this place.
 B = Non-inter-level travel time spent in this place.
 C = Inter-level travel time spent in this place.
 D = Time resting spent in this place.
 E = Time spent auto-exploring this place.
 F = Levels seen in this place.
 G = Mean time per level.
                   A        B        C        D        E       F      G
               +--------+--------+--------+--------+--------+-----+--------+
         Total |   3751 |   3637 |    114 |      0 |   3052 |   4 |  937.8 |
       Dungeon |   3751 |   3637 |    114 |      0 |   3052 |   4 |  937.8 |
               +--------+--------+--------+--------+--------+-----+--------+

Top non-repeatable levels by time:
     D:1: 1539 daAuts
     D:3: 1086 daAuts
     D:2: 1039 daAuts
     D:4: 85 daAuts
